 Dungeon Crawl Stone Soup version 0.26-a0-812-g31a745ddcd (webtiles) character file.

Game seed: 18255074571386715317

37 kae the Insei (level 3, -2/20 HPs)
             Began as a Tengu Transmuter on Nov 23, 2020.
             Slain by a scorpion (7 damage)
             ... on level 2 of the Dungeon.
             The game lasted 00:00:34 (1359 turns).

kae the Insei (Tengu Transmuter)                    Turns: 1359, Time: 00:00:35

Health: -2/20      AC:  2    Str: 11    XL:     3   Next: 41%
Magic:  6/7        EV: 13    Int: 13    God:
Gold:   54         SH:  0    Dex: 14    Spells: 2/6 levels left

rFire    . . .     SeeInvis .     - Unarmed
rCold    . . .     Faith    .   (no shield)
rNeg     . . .     Spirit   .   a - +0 robe
rPois    .         Reflect  .   (helmet restricted)
rElec    .         Harm     .   (no cloak)
rCorr    .         Rampage  .   (no gloves)
MR       .....                  (boots unavailable)
Stlth    +.........             (no amulet)
HPRegen  0.06/turn              (no ring)
MPRegen  0.10/turn              (no ring)

@: lethally poisoned (-2 -> -20), very slightly contaminated
A: beak, talons 3
a: no special abilities


You were on level 2 of the Dungeon.
You visited 1 branch of the dungeon, and saw 2 of its levels.

You collected 54 gold pieces.

Inventory:

Armour
 a - a +0 robe (worn)
Jewellery
 h - a cursed ring of teleportation {unknown}
 k - an uncursed ring of magical power {unknown}
Scrolls
 b - 3 scrolls of remove curse {unknown}
 d - a scroll of teleportation {unknown}
 f - 2 scrolls of identify {unknown}
 g - 2 scrolls of fear {unknown}
 j - a scroll of noise {unknown}
Potions
 c - a potion of flight {unknown}
 e - a potion of curing {unknown}
 i - a potion of resistance {unknown}


   Skills:
 + Level 1.3 Fighting
 + Level 2.5 Dodging
 * Level 3.7 Unarmed Combat
 + Level 2.2 Spellcasting
 * Level 2.2 Transmutations


You had 2 spell levels left.
You knew the following spells:

 Your Spells              Type           Power        Failure   Level
a - Beastly Appendage     Tmut           #.....       10%         1
b - Spider Form           Tmut/Pois      #.........   43%         3

Your spell library contained the following spells:

 Spells                   Type           Power        Failure   Level
 Wereblood                Tmut           #.......     16%         2
 Ice Form                 Ice/Tmut       #.......     85%         4
 Blade Hands              Tmut           #.........   95%         5


Dungeon Overview and Level Annotations

Branches:
Dungeon (2/15)

Altars:


Innate Abilities, Weirdness & Mutations

You have a beak for a mouth.
You have claws for feet.


Message History

The scorpion closely misses you.
You hit the scorpion. Your kick misses the scorpion.
The scorpion is moderately wounded.
The scorpion stings you!
You are lethally poisoned!
The scorpion poisons you!
You barely miss the scorpion.
The scorpion is moderately wounded.
You feel sick. The scorpion closely misses you.
You hit the scorpion. You peck the scorpion.
The scorpion is heavily wounded.
You feel sick. The scorpion stings you.
* * * LOW HITPOINT WARNING * * *
You are more poisoned.
The scorpion poisons you!
You barely miss the scorpion. Your kick misses the scorpion.
The scorpion is heavily wounded.
* * * LOW HITPOINT WARNING * * *
You feel sick. The scorpion stings you!
You die...

#...^...................
#...##...####...[....####
#...##.#.# #.##..#......
##..##...####.......######
#<..##...##....#..........
...###.#......##........#
.#..#..###..##..........##.
####...........##....[.....
##.......#(..@s......#
###...#.##.##.......#
#...#.##.##.......#
###.....##.##..........
##.....#....##..........
####........####........#..
#.........### #.###..#.# .
......†.<.# .. .##...
.#......### ... ## ...


You could see a scorpion.

Vanquished Creatures
  An adder (D:2)
  2 dart slugs
  2 leopard geckos (D:1)
  A ball python (D:1)
  3 giant cockroaches
  3 hobgoblins (D:1)
  2 kobolds (D:1)
  3 bats (D:1)
  3 frilled lizards
  2 rats (D:1)
22 creatures vanquished.

Notes
Turn   | Place    | Note
-------+----------+-------------------------------------------
     0 | D:1      | kae the Tengu Transmuter began the quest for the Orb.
     0 | D:1      | Reached XP level 1. HP: 12/12 MP: 4/4
   171 | D:1      | Reached XP level 2. HP: 16/16 MP: 4/6
  1145 | D:1      | Reached XP level 3. HP: 20/20 MP: 5/7
  1150 | D:1      | Learned a level 3 spell: Spider Form
  1346 | D:2      | Noticed a scorpion
  1359 | D:2      | Slain by a scorpion

Illustrated notes

Levels and vault maps discovered:
D:1:      dpeg_arrival_renting, layout_basic, minmay_misc_feat_tower,
          minmay_tripent
D:2:      layout_rooms, chequers_temple_overflow_minitemple, fedhas_altar_1

Skill      XL: |  1  2 |
---------------+-------+-----
Transmutations | 2 |  2.2
Fighting       | |  1.3
Dodging        | |  2.5
Unarmed Combat | |  3.7
Spellcasting   | |  2.2

Action                   || total
-------------------------++-------
Melee: Unarmed           ||    58
       Headbutt          ||     6
       Kick              ||     9
       Peck              ||     8
 Cast: Beastly Appendage ||    17
 Stab: Sleeping          ||     1
Armor: Robe              ||     9
Dodge: Dodged            ||    51

Table legend: (Time is in decaauts)
 A = Elapsed time spent in this place.
 B = Non-inter-level travel time spent in this place.
 C = Inter-level travel time spent in this place.
 D = Time resting spent in this place.
 E = Time spent auto-exploring this place.
 F = Levels seen in this place.
 G = Mean time per level.
                   A        B        C        D        E       F      G
               +--------+--------+--------+--------+--------+-----+--------+
         Total |   1354 |   1349 |      5 |      0 |   1176 |   2 |  677.0 |
       Dungeon |   1354 |   1349 |      5 |      0 |   1176 |   2 |  677.0 |
               +--------+--------+--------+--------+--------+-----+--------+

Top non-repeatable levels by time:
     D:1: 1177 daAuts
     D:2: 177 daAuts
